 Dungeon Crawl Stone Soup version 0.26.1-16-g4e020e15dc (webtiles) character file.

Game seed: 11468647199561898935

1327 Twinkles the Slinger (level 8, -29/55 HPs)
             Began as a Halfling Arcane Marksman on Mar 12, 2023.
             Was an Initiate of Okawaru.
             Blown up by Ijyb (32 damage)
             ... with a disintegration bolt
             ... on level 5 of the Dungeon on Mar 13, 2023.
             The game lasted 00:25:12 (8405 turns).

Twinkles the Slinger (Halfling Arcane Marksman)     Turns: 8405, Time: 00:25:12

Health: -29/55     AC: 15    Str: 12    XL:     8   Next: 91%
Magic:  9/9        EV: 17    Int: 11    God:    Okawaru [......]
Gold:   306        SH:  0    Dex: 16    Spells: 8/9 levels left

rFire    . . .     SeeInvis .   b - +2 mace (protect)
rCold    . . .     Faith    .   (shield restricted)
rNeg     + . .     Spirit   .   p - +0 ring mail
rPois    .         Reflect  .   (no helmet)
rElec    .         Harm     .   (no cloak)
rCorr    .         Rampage  .   y - +2 pair of gloves
Will     .....                  (no boots)
Stlth    ++........             (no amulet)
HPRegen  0.18/turn              w - ring of positive energy
MPRegen  0.11/turn              (no ring)

@: protection aura
A: small, mutation resistance 1
a: Renounce Religion


You were on level 5 of the Dungeon.
You worshipped Okawaru.
Okawaru was noncommittal.
You visited 2 branches of the dungeon, and saw 7 of its levels.
You also visited: Ossuary.

You collected 306 gold pieces.

Inventory:

Hand Weapons
 a - a +0 hunting sling
 b - a +2 mace of protection (weapon)
 k - a +0 short sword
 s - a cursed -2 dagger
 x - a +3 dagger
 B - a +2 scimitar of freezing
Missiles
 d - 61 sling bullets
 f - 191 stones
 n - 5 boomerangs (quivered)
Armour
 e - a +0 robe
 j - a +0 leather armour
 p - a +0 ring mail (worn)
 y - a +2 pair of gloves (worn)
 C - a +0 scale mail
Jewellery
 w - a ring of positive energy (left hand)
Scrolls
 c - 3 scrolls of identify
 m - 3 scrolls of remove curse
 t - 4 scrolls of teleportation {unknown}
 v - 2 scrolls of amnesia {unknown}
 A - a scroll of enchant weapon
Potions
 g - 3 potions of curing
 h - 4 potions of flight
 i - a potion of magic {unknown}
 l - 2 potions of heal wounds {unknown}
 o - 3 potions of might {unknown}
 q - a potion of ambrosia {unknown}
 r - 2 potions of haste {unknown}
 u - a potion of mutation {unknown}
 z - a potion of brilliance {unknown}


   Skills:
 + Level 5.1 Fighting
 + Level 8.5 Slings
 + Level 0.0 Armour
 + Level 6.5 Dodging
 + Level 3.1 Stealth
 - Level 1.0 Spellcasting
 - Level 2.4 Hexes


You had 8 spell levels left.
You knew the following spells:

 Your Spells              Type           Power        Failure   Level
a - Corona                Hex            5%           28%         1

Your spell library contained the following spells:

 Spells                   Type           Power        Failure   Level
 Slow                     Hex            5%           38%         2
 Inner Flame              Hex/Fire       3%           80%         3
 Portal Projectile        Hex/Tloc       6%           80%         3
 Cause Fear               Hex            2%           95%         4
 Leda's Liquefaction      Hex/Erth       1%           99%         4


Dungeon Overview and Level Annotations

Branches:
Dungeon (6/15)             Temple (1/1) D:5         Ossuary (visited)

Altars:
Ashenzari
Cheibriados
Fedhas
Gozag
Hepliaklqana
Kikubaaqudgha
Makhleb
Okawaru
Qazlal
Ru
Vehumet
Wu Jian
Xom
Yredelemnul
Zin
The Shining One

Shops:
D:5 [

Annotations:
D:2 Sigmund
D:3 2 runed translucent doors, BiteMe's ghost, amateur DgFE; Jessica
D:5 Ijyb


Innate Abilities, Weirdness & Mutations

You are small and have problems with some larger weapons.
You are somewhat resistant to further mutation.


Message History

Ijyb is heavily wounded.
Ijyb barely misses you.
You barely miss Ijyb.
Ijyb is heavily wounded.
Ijyb misses you.
You hit Ijyb but do no damage.
Ijyb is heavily wounded.
Ijyb hits you but does no damage. Ijyb closely misses you.
You hit Ijyb.
Ijyb is severely wounded.
Ijyb barely misses you.
You completely miss Ijyb.
Ijyb is severely wounded.
Ijyb grins evilly.
Ijyb hits you but does no damage. Ijyb barely misses you.
You hit Ijyb but do no damage.
Ijyb is severely wounded.
Ijyb zaps a wand.
You are blasted!
Ouch! That really hurt!
You die...

.......................####......
.......#..............###....####
####.#..............####..#..# **
#..#.#......##............## *,
#.##.#......##.........#### *,
**#.#..#.............##### *,
,*#..$#........#.....# *****,
,,....#.#>.......g.#.#######.,,,,
........###.....@###.....>...***,
......##**#..........########* *,
......#**#..#.....##.#**** *,
......#*..,,####.....#,,,** **
......#..#,,* ##.....,,,,**
........#*,** *........,,,*
......#***,* **........,,,*
.<....# *,****(.........,,*
...#### **,,,,......#)....**


You could see Ijyb.

Vanquished Creatures
  2 ogres
  9 water moccasin zombies (Ossuary)
  A howler monkey (D:5)
  2 hounds (D:4)
  2 orc priests (D:3)
  3 iron imps (D:4)
  A bullfrog skeleton (D:4)
  2 iguanas (D:4)
  2 worker ants (D:4)
  A big kobold zombie (Ossuary)
  2 hound skeletons
  2 mummies (Ossuary)
  Robin (D:3)
  A howler monkey zombie (D:6)
  4 adders
  3 oozes
  4 adder zombies (Ossuary)
  4 worms
  4 dart slugs
  5 leopard geckos
  14 orcs
  4 giant cockroaches
  2 gnoll zombies (Ossuary)
  18 goblins
  10 hobgoblins
  5 kobolds
  3 quokkas (D:4)
  2 ball pythons
  8 bats
  2 frilled lizards (D:1)
  A goblin zombie (D:4)
  5 hobgoblin zombies (Ossuary)
  7 kobold zombies (Ossuary)
  8 orc zombies (Ossuary)
  A quokka zombie (D:4)
  9 rats
154 creatures vanquished.

Vanquished Creatures (others)
  A hobgoblin zombie (Ossuary)
1 creature vanquished.

Grand Total: 155 creatures vanquished

Notes
Turn   | Place    | Note
-------+----------+-------------------------------------------
     0 | D:1      | Twinkles the Halfling Arcane Marksman began the quest for
                  | the Orb.
     0 | D:1      | Reached XP level 1. HP: 12/12 MP: 2/2
    39 | D:1      | Reached skill level 1 in Fighting
   261 | D:1      | Reached XP level 2. HP: 18/18 MP: 3/3
   462 | D:1      | Reached XP level 3. HP: 23/23 MP: 4/4
  1080 | D:1      | Reached skill level 4 in Slings
  1299 | D:1      | HP: 7/24 [poisoned by a goblin]
  1705 | D:2      | Reached XP level 4. HP: 29/29 MP: 5/5
  1805 | D:2      | HP: 8/29 [poisoned by a goblin]
  1811 | D:2      | HP: 7/29 [poisoned by a goblin]
  1814 | D:2      | HP: 3/29 [poisoned by an adder]
  1832 | D:2      | HP: 8/29 [giant cockroach (1)]
  2251 | D:2      | You fall into a shaft and drop 2 floors!
  2271 | D:4      | Reached XP level 5. HP: 33/35 MP: 6/6
  2274 | D:4      | Found a sand-covered staircase.
  2362 | Ossuary  | Entered an ossuary
  2517 | Ossuary  | HP: 10/35 [water moccasin zombie (1)]
  2521 | Ossuary  | Reached skill level 5 in Slings
  2787 | Ossuary  | HP: 8/35 [water moccasin zombie (5)]
  2792 | Ossuary  | HP: 4/35 [water moccasin zombie (5)]
  2794 | Ossuary  | Reached XP level 6. HP: 5/42 MP: 7/7
  3385 | Ossuary  | HP: 7/42 [water moccasin zombie (7)]
  3388 | Ossuary  | Reached skill level 6 in Slings
  3394 | Ossuary  | HP: 9/42 [water moccasin zombie (5)]
  3403 | Ossuary  | HP: 5/42 [water moccasin zombie (4)]
  3405 | Ossuary  | Reached XP level 7. HP: 5/46 MP: 8/8
  3826 | Ossuary  | Reached skill level 5 in Dodging
  4259 | Ossuary  | Reached skill level 7 in Slings
  4796 | D:4      | Reached XP level 8. HP: 51/54 MP: 9/9
  4827 | D:4      | Found a burning altar of Makhleb.
  4873 | D:3      | You fall into a shaft and drop 3 floors!
  4957 | D:5      | Entered Level 5 of the Dungeon
  4968 | D:5      | HP: 15/54 [phantom (9)]
  4974 | D:5      | HP: 5/54 [hound (4)]
  4984 | D:5      | HP: 14/54 [hound (1)]
  4990 | D:4      | HP: 10/54 [hound (3)]
  5441 | D:2      | Noticed Sigmund
  5938 | D:3      | Reached skill level 1 in Stealth
  6075 | D:3      | Found a runed translucent door.
  6078 | D:3      | Noticed BiteMe's ghost (amateur DgFE)
  6236 | D:3      | Found a runed translucent door.
  6282 | D:3      | Noticed Jessica
  6515 | D:3      | Noticed Robin
  6841 | D:3      | Killed Robin
  6993 | D:4      | Found a broken altar of Ashenzari.
  7032 | D:4      | Reached skill level 8 in Slings
  7117 | D:4      | Found a basalt altar of Yredelemnul.
  7344 | D:4      | Reached skill level 5 in Fighting
  7962 | D:5      | Found a staircase to the Ecumenical Temple.
  7987 | Temple   | Entered the Ecumenical Temple
  8278 | Temple   | Became a worshipper of Warmaster Okawaru
  8327 | D:5      | Found Dicas's Armour Boutique.
  8387 | D:5      | Noticed Ijyb
  8399 | D:5      | HP: 1/55 [disintegration (21)]
  8405 | D:5      | Blown up by Ijyb

Illustrated notes

Levels and vault maps discovered:
D:1:      dpeg_arrival_rooms_a, layout_basic, serial_co_window_serial,
          co_window_corner_a, co_window_corner_a, co_window_paths_b,
          co_window_corner_a, co_window_paths_b, co_window_broadway_c,
          co_window_paths_c, co_window_of_opportunity_b, minmay_octomino_e4
D:2:      wander_river, layout_loops_ring, serial_aquarium,
          aquarium_bridge_straight [aquarium_subvault_bridge,
          aquarium_subvault_window, aquarium_subvault_bridge,
          aquarium_subvault_wall], aquarium_window_fake, aquarium_window_1,
          aquarium_window_fake, aquarium_window_fake, aquarium_view_4,
          aquarium_view_2c, aquarium_balcony_3b, uniq_sigmund
D:3:      layout_basic, ebering_ghost_sewer_f, uniq_robin, uniq_jessica
D:4:      minmay_chambers_of_twos, layout_basic, demons_altar,
          old_standard_altar, nicolae_overflow_crystal_walls, enter_ossuary_4
D:5:      layout_rooms, minmay_temple_entry_tees, serial_shops, shop,
          hangedman_decor_peaks_small, nicolae_dithmenos_through_a_glass_darkly,
          uniq_pikel, uniq_ijyb
D:6:      black_bear_nest_1, layout_loops_corners, trog_ov_bears_minmay,
          glass_columns_b
Temple:   oiseaux_autumnal_temple

Skill      XL: |  1  2  3  4  5  6  7  8 |
---------------+-------------------------+-----
Fighting       | 1 2 3 4 5 |  5.1
Dodging        | 3 4 5 6 |  6.5
Slings         | 4 5 6 7 8 |  8.5
Stealth        | 3 |  3.1
Spellcasting   | |  1.0
Hexes          | |  2.4

Action                   |  1- 3 |  4- 6 |  7- 9 || total
-------------------------+-------+-------+-------++-------
Melee: Mace              |       |   189 |   286 ||   475
 Fire: Hunting sling     |   125 |    57 |   151 ||   333
 Cast: Corona            |       |       |     1 ||     1
  Use: Potion            |       |     2 |     1 ||     3
       Scroll            |       |       |     9 ||     9
 Stab: Sleeping          |       |       |     1 ||     1
Armor: Robe              |     7 |    57 |    30 ||    94
       Ring mail         |       |       |    47 ||    47
Dodge: Dodged            |    24 |   224 |   315 ||   563
